 Dungeon Crawl Stone Soup version 0.21.1-1-g345015f (webtiles) character file.

270 GreamJoe the Stinger (level 6, -16/47 HPs)
             Began as a Draconian Venom Mage on Feb 14, 2018.
             Was an Initiate of Vehumet.
             Demolished by an ogre
             ... wielding a cursed -3 giant club
              (21 damage)
             ... on level 4 of the Dungeon on Feb 15, 2018.
             The game lasted 00:26:44 (4079 turns).

GreamJoe the Stinger (Draconian Venom Mage)         Turns: 4079, Time: 00:26:45

Health: -16/47     AC:  7    Str:  9 (10) XL:     6   Next: 1%
Magic:  10/10      EV: 13    Int: 16 (17) God:    Vehumet [......]
Gold:   163        SH:  0    Dex: 12 (15) Spells: 3/10 levels left

rFire    . . .     SeeInvis .   c - 5 scrolls of identify
rCold    . . .     Gourm    .   (no shield)
rNeg     . . .     Faith    .   (armour unavailable)
rPois    .         Spirit   .   (helmet restricted)
rElec    .         Reflect  .   (no cloak)
rCorr    .         Harm     .   (no gloves)
MR       .....                  j - +0 pair of boots
Stlth    ++........             (no amulet)
HPRegen  0.15/turn              k - +3 ring of dexterity
MPRegen  0.12/turn              (no ring)

@: no status effects
A: unfitting armour, cold-blooded, AC +6
a: Renounce Religion


You were on level 4 of the Dungeon.
You worshipped Vehumet.
Vehumet was noncommittal.
You were not hungry.

You visited 1 branch of the dungeon, and saw 4 of its levels.

You collected 163 gold pieces.

Inventory:

Armour
 e - a cursed +0 robe
 j - a +0 pair of boots (worn)
 q - a +0 ring mail
Jewellery
 k - a +3 ring of dexterity (left hand)
 l - an uncursed amulet of guardian spirit {unknown}
 r - an uncursed amulet of guardian spirit {unknown}
Scrolls
 c - 5 scrolls of identify (in hand)
 d - a scroll of blinking {unknown}
 g - a scroll of random uselessness {unknown}
 h - a scroll of magic mapping {unknown}
 i - 2 scrolls of remove curse
 n - a scroll of fog {unknown}
Books
 a - a Young Poisoner's Handbook

   Spells                             Type                      Level
   a - Sting                          Conjuration/Poison           1
   b - Poisonous Vapours              Poison/Air                   2
   c - Mephitic Cloud                 Conjuration/Poison/Air       3
   d - Olgreb's Toxic Radiance        Poison                       4
   e - Venom Bolt                     Conjuration/Poison           5
Comestibles
 b - 6 rations


   Skills:
 + Level 1.0 Fighting
 + Level 3.7 Dodging
 + Level 2.0 Stealth
 + Level 1.4 Unarmed Combat
 + Level 2.7 Spellcasting
 + Level 1.9 Conjurations
 + Level 0.3 Air Magic
 + Level 4.1 Poison Magic


You had 3 spell levels left.
You knew the following spells:

 Your Spells              Type           Power        Failure   Level  Hunger
a - Sting                 Conj/Pois      ##..         5%          1    #......
b - Poisonous Vapours     Pois/Air       #.....       12%         2    ##.....
c - Olgreb's Toxic Radia  Pois           ###.....     34%         4    #####..


Dungeon Overview and Level Annotations

Branches:
Dungeon (4/15)
 Temple: D:4-7

Altars:
Makhleb
Vehumet


Innate Abilities, Weirdness & Mutations

Your plain brown scales are hard. (AC +6)
You cannot fit into any form of body armour.
You are cold-blooded and may be slowed by cold attacks.


Message History

The ogre shouts!
You clumsily bash the adder skeleton but do no damage.
The adder skeleton is almost destroyed.
The adder skeleton bites you.
* * * LOW HITPOINT WARNING * * *
The adder skeleton closely misses you.
You clumsily bash the adder skeleton but do no damage.
The adder skeleton is almost destroyed.
The adder skeleton completely misses you.
You clumsily bash the adder skeleton but do no damage.
Your tail-slap misses the adder skeleton.
The adder skeleton is almost destroyed.
The adder skeleton bites you but does no damage.
The adder skeleton barely misses you. The ogre hits you but does no damage.
The adder skeleton bites you but does no damage.
The adder skeleton bites you but does no damage.
The adder skeleton bites you but does no damage.
The adder skeleton closely misses you. The ogre hits you with a giant club!!
You die...

#...# #...##
#...## #...##
#.†.## ###...##
####..))..##
###..........##...
###.O@...........#
#...Z.....†#+#####
#......##### ..
#.....##
....##...###
.........#
#######..###
#....## #.....###


You could see an ogre and an adder skeleton.

Vanquished Creatures
  An ogre (D:2)
  Terence (D:3)
  An orc wizard (D:4)
  5 adders
  3 worms
  A leopard gecko (D:1)
  4 orcs
  6 bats
  2 giant cockroaches
  6 goblins
  16 hobgoblins
  10 jackals
  6 kobolds
  A quokka (D:2)
  2 frilled lizards
  A leopard gecko skeleton (D:4)
  9 rats
75 creatures vanquished.

Notes
Turn   | Place    | Note
-------+----------+-------------------------------------------
     0 | D:1      | GreamJoe the Draconian Venom Mage began the quest for the Orb.
     0 | D:1      | Reached XP level 1. HP: 14/14 MP: 3/3
   383 | D:1      | Reached XP level 2. HP: 13/20 MP: 1/5
  1329 | D:2      | Reached XP level 3. HP: 26/26 MP: 0/6
  1582 | D:2      | Noticed an ogre
  1755 | D:2      | Killed an ogre
  1755 | D:2      | Reached skill level 1 in Unarmed Combat
  1755 | D:2      | Reached XP level 4. HP: 30/33 MP: 3/7
  1880 | D:2      | Reached XP level 5. HP: 38/38 MP: 3/8
  2447 | D:3      | Learned a level 2 spell: Poisonous Vapours
  2815 | D:3      | Found a burning altar of Makhleb.
  2815 | D:3      | Found a radiant altar of Vehumet.
  2828 | D:3      | Became a worshipper of Vehumet
  3028 | D:3      | Noticed Terence
  3055 | D:3      | Killed Terence
  3475 | D:3      | Learned a level 4 spell: Olgreb's Toxic Radiance
  4022 | D:4      | Reached skill level 4 in Poison Magic
  4025 | D:4      | Reached skill level 1 in Fighting
  4026 | D:4      | Reached XP level 6. HP: 21/47 MP: 6/10
  4079 | D:4      | Demolished by an ogre

Skill      XL: |  1  2  3  4  5 |
---------------+----------------+-----
Dodging        | 2 3 |  3.7
Stealth        | 2 |  2.0
Unarmed Combat | 1 |  1.4
Poison Magic   | 4 |  4.1
Fighting       | 1 |  1.0
Spellcasting   | |  2.7
Conjurations   | |  1.9
Air Magic      | |  0.3

Action                   |  1- 3 |  4- 6 || total
-------------------------+-------+-------++-------
Melee: Unarmed           |    81 |    84 ||   165
       Tailslap          |     6 |    27 ||    33
       Punch             |       |     2 ||     2
 Cast: Sting             |    66 |    49 ||   115
       Poisonous Vapours |       |    18 ||    18
       Olgreb's Toxic Ra |       |     4 ||     4
  Use: Potion            |       |     4 ||     4
       Scroll            |       |     3 ||     3
 Stab: Sleeping          |     1 |       ||     1
  Eat: Ration            |     1 |     3 ||     4
       Chunk             |       |     3 ||     3
Armor: Skin              |    96 |   110 ||   206
Dodge: Dodged            |   230 |   229 ||   459
